 Dungeon Crawl Stone Soup version 0.28-a0-1447-ga5a8893891 (webtiles) character file.

Game seed: 8954731938067026023

2 Grognak the Shield-Bearer (level 1, -2/20 HPs)
             Began as a Minotaur Fighter on Jan 10, 2022.
             Slain by a gnoll (3 damage)
             ... on level 1 of the Dungeon.
             The game lasted 00:00:19 (56 turns).

Grognak the Shield-Bearer (Minotaur Fighter)          Turns: 56, Time: 00:00:20

Health: -2/20      AC:  6    Str: 20    XL:     1   Next: 25%
Magic:  0/0        EV:  9    Int:  5    God:
Gold:   0          SH:  4    Dex:  9    Spells: 0/0 levels left

rFire   . . .      SeeInvis .   a - +0 flail
rCold   . . .      Faith    .   c - +0 buckler
rNeg    . . .      Spirit   .   b - +0 scale mail
rPois   .          Reflect  .   (helmet restricted)
rElec   .          Harm     .   (no cloak)
rCorr   .          Rampage  .   (no gloves)
Will    .....                   (no boots)
Stlth   ..........              (no amulet)
HPRegen 0.06/turn               (no ring)
MPRegen 0.07/turn               (no ring)

@: mighty
A: horns 2, retaliatory headbutt
a: no special abilities


You were on level 1 of the Dungeon.
You visited 1 branch of the dungeon, and saw 1 of its levels.

Inventory:

Hand Weapons
 a - a +0 flail (weapon)
Armour
 b - a +0 scale mail (worn)
 c - a +0 buckler (worn)


   Skills:
 * Level 3.6 Fighting
 * Level 2.4 Maces & Flails
 * Level 3.6 Armour
 * Level 0.1 Dodging
 * Level 3.6 Shields


You couldn't memorise any spells.
You didn't know any spells.
Your spell library was empty.

Dungeon Overview and Level Annotations

Branches:
Dungeon (1/15)

Altars:


Innate Abilities, Weirdness & Mutations

You have a pair of horns on your head.
You reflexively headbutt those who attack you in melee.


Message History

There is an open door here.
As you open the door, it creaks loudly!
Found 18 sling bullets.
There is an open door here.
As you open the gate, it creaks loudly!
Found 18 sling bullets.
There is an open gate here.
Found a stone staircase leading down.
A rat comes into view.
The rat bites you but does no damage.
You hit the rat.
You kill the rat!
No target in view!
You see here a rat corpse.
A quokka comes into view.
The quokka moves out of view.
A quokka and a gnoll come into view.
The gnoll shouts!
The gnoll hits you but does no damage.
There is a stone staircase leading down here.
A rat and a dart slug come into view.
Found a dark potion.
You block the quokka's attack. The gnoll hits you with a +0 spear.
You hit the gnoll but do no damage. The quokka bites you.
The gnoll hits you with a +0 spear. The quokka barely misses you.
You furiously retaliate!
You headbutt the quokka.
You kill the quokka!
You are too injured to fight recklessly!
You are too injured to fight recklessly!
You feel very mighty all of a sudden. The gnoll hits you but does no damage.
The gnoll hits you from afar with a +0 spear.
* * * LOW HITPOINT WARNING * * *
There is a stone staircase leading down, spattered with blood here.
You block the gnoll's attack. The rat bites you.
* * * LOW HITPOINT WARNING * * *
You sock the rat!
You kill the rat!
The gnoll hits you with a +0 spear.
You die...

...... .. .. ### # ..... .# #.
. ..## #. .... .... .. ≈≈.#
#.. ... .#. !.. ...# #... ..
.. .. ..# #....#.#w#.#.#. ##
#### #......†g...... #
##..#########@###..#
####....#.......>....#
.###....#.######.######
.#8#..##'.............#
.'.'(...'..#####.####.######.#
.#8#....'....###..###........#
.###....#(.........###†#######
####....#...♣♣♣♣♣♣..##.#
##..##...♣ ♣♣..#.##


You could see a gnoll and a dart slug.

Vanquished Creatures
  A quokka (D:1)
  2 rats (D:1)
3 creatures vanquished.

Vanquished Creatures (others)
  4 plants (D:1)
4 creatures vanquished.

Grand Total: 7 creatures vanquished

Notes
Turn   | Place    | Note
-------+----------+-------------------------------------------
     0 | D:1      | Grognak the Minotaur Fighter began the quest for the Orb.
     0 | D:1      | Reached XP level 1. HP: 19/19 MP: 0/0
    55 | D:1      | HP: 1/20 [rat (2)]
    56 | D:1      | Slain by a gnoll

Illustrated notes

Levels and vault maps discovered:
D:1:      shiori_arrival_elements, layout_basic,
          dilly_ecumenical_altar_fadedgnrine, hangedman_decor_riveting

Action                   || total
-------------------------++-------
Melee: Flail             ||     3
  Use: Potion            ||     1
Armor: Scale mail        ||     3
Dodge: Dodged            ||     1
Block: Buckler           ||     2

Table legend: (Time is in decaauts)
 A = Elapsed time spent in this place.
 B = Non-inter-level travel time spent in this place.
 C = Inter-level travel time spent in this place.
 D = Time resting spent in this place.
 E = Time spent auto-exploring this place.
 F = Levels seen in this place.
 G = Mean time per level.
                   A        B        C        D        E       F      G
               +--------+--------+--------+--------+--------+-----+--------+
         Total |     56 |     56 |      0 |      0 |     42 |   1 |   56.0 |
       Dungeon |     56 |     56 |      0 |      0 |     42 |   1 |   56.0 |
               +--------+--------+--------+--------+--------+-----+--------+

Top non-repeatable levels by time:
     D:1: 56 daAuts
